 Dungeon Crawl Stone Soup version 0.31-a0-358-gac0dbeb3ab (webtiles) character file.

Game seed: 3229579045254341428

11147 Midn8 the Slicer (level 11, -3/99 HPs)
             Began as a Black Draconian Berserker on July 26, 2023.
             Was a High Priest of Trog.
             Slain by a two-headed ogre
             ... wielding a +0 dire flail
              (12 damage)
             ... on level 9 of the Dungeon.
             The game lasted 00:20:53 (8117 turns).

Midn8 the Slicer (Black Draconian Berserker)        Turns: 8117, Time: 00:20:53

Health: -3/99      AC: 12    Str: 20    XL:     11   Next: 45%
Magic:  11/11      EV: 18    Int:  7    God:    Trog [*****.]
Gold:   412        SH:  0    Dex: 21    Spells: 10/10 levels left

rFire   . . .        a - +1 longbow (elec)
rCold   + . .        (shield currently unavailable)
rNeg    . . .        (body armour unavailable)
rPois   .            (helmet restricted)
rElec   +            A - +1 cloak
rCorr   .            m - +2 pair of gloves
SInv    .            (no boots)
Will    .....        B - amulet of regeneration
Stlth   ++           v - ring of protection from cold
HPRegen 1.16/turn    t - +6 ring of dexterity
MPRegen 0.12/turn

%: no passive effects
@: slowed, very slow
A: breathe lightning, AC +7, unfitting armour, electricity resistance,
cold-blooded
a: Breathe Lightning, Renounce Religion, Berserk, Trog's Hand, Brothers in Arms


You were on level 9 of the Dungeon.
You worshipped Trog.
Trog was extremely pleased with you.
You visited 1 branch of the dungeon, and saw 10 of its levels.
You also visited: Bailey.

You collected 658 gold pieces.
You spent 246 gold pieces at shops.

Inventory:

Hand Weapons
 a - a +1 longbow of electrocution (weapon)
 b - a +1 dagger of draining
 j - a +0 dagger of electrocution
 n - a +3 dagger
 D - a +0 rapier
 L - a +3 broad axe
Missiles
 i - 6 javelins
 x - 17 poisoned darts
 z - 30 boomerangs
 G - a throwing net
 H - a curare-tipped dart
Armour
 k - a +0 kite shield
 m - a +2 pair of gloves (worn)
 A - a +1 cloak (worn)
Jewellery
 f - a ring of flight
 o - a ring of magical power
 t - a +6 ring of dexterity (right hand)
 v - a ring of protection from cold (left hand)
 B - an amulet of regeneration (around neck)
Wands
 w - a wand of polymorph (8)
 F - a wand of iceblast (13)
 O - a wand of digging (4)
 Q - a wand of acid (4)
Scrolls
 c - 2 scrolls of blinking
 d - 4 scrolls of teleportation
 h - 2 scrolls of immolation
 l - 2 scrolls of torment {unknown}
 q - a scroll of vulnerability
 y - a scroll of silence
 E - a scroll of acquirement {unknown}
 I - 2 scrolls of fear
 J - 2 scrolls of brand weapon
 P - 3 scrolls of revelation
 R - 2 scrolls of poison {unknown}
 S - a scroll of noise {unknown}
Potions
 e - 10 potions of curing
 g - 7 potions of lignification
 p - 4 potions of might
 r - 5 potions of brilliance
 s - 3 potions of heal wounds
 u - a potion of resistance {unknown}
 C - 4 potions of haste
 K - a potion of mutation {unknown}
Miscellaneous
 N - a box of beasts


   Skills:
 - Level 10.0 Fighting
 - Level 10.0 Short Blades
 + Level 5.6 Ranged Weapons
 - Level 7.4 Throwing
 - Level 8.1 Dodging
 - Level 3.5 Unarmed Combat


You had 10 spell levels left.
You didn't know any spells.
Your spell library was empty.

Dungeon Overview and Level Annotations

Branches:
Dungeon (10/15)            Temple (0/1) D:4             Orc (0/2) D:9
 Bailey (visited)
   Lair: D:8-11

Altars:
Dithmenos
Ru
Sif Muna

Shops:
D:3 ?   D:10 ?


Innate Abilities, Weirdness & Mutations

You can breathe wild blasts of lightning.
Your glossy black scales are hard. (AC +7)
You cannot fit into any form of body armour.
You are resistant to electric shocks. (rElec)
You are cold-blooded and may be slowed by cold attacks.


Message History

Unknown command.
Blink to where?
Press: ? - help, Dir - move target
As you read the scroll of blinking, it crumbles to dust.
You feel sick.
You hear a shout!
Unknown command.
Aiming: Corrosive Bolt
Press: ? - help, Shift-Dir - straight line, f - two-headed ogre
Aim: a two-headed ogre, wielding a +0 dire flail and a +0 giant club (severely wounded, 86% to hit)
Okay, then.
You feel sick.
You are no longer poisoned.
Your troll bites the komodo dragon.
Your troll barely misses the komodo dragon.
Your troll claws the komodo dragon but does no damage.
The komodo dragon bites your troll!
You have got your breath back.
You hear a shout!
The komodo dragon bites something!!
Your troll barely misses the komodo dragon.
Your troll closely misses the komodo dragon.
Your troll misses the komodo dragon. The komodo dragon bites your troll!
Your troll barely misses the komodo dragon.
Your troll claws the komodo dragon! x2
The komodo dragon dies!
Trog accepts your kill.
Aiming: Corrosive Bolt
Press: ? - help, Shift-Dir - straight line, f - two-headed ogre
Aim: a two-headed ogre, wielding a +0 dire flail and a +0 giant club (severely wounded, 86% to hit)
The bolt of acid hits the two-headed ogre!
The two-headed ogre is almost dead.
The bolt of acid hits the two-headed ogre!
The acid corrodes the two-headed ogre!
The two-headed ogre is moderately wounded.
Your troll rages.
The two-headed ogre hits you with a +0 dire flail!
* * * LOW HITPOINT WARNING * * *
The two-headed ogre hits you with a +0 giant club!
You die...

#>.......# #.###
#........# #.#
#>†......# #.#
#........# #.#
#T.....).#####.###
#........)........
#O.............###
#O..)..........###
#@................
#.................
#............##...
#............##...
#....[............
#.......[##.......
######........##.......
#......................
######.................


You could see 2 two-headed ogres and a friendly troll (summoned, berserk).

Vanquished Creatures
  A two-headed ogre (D:9)
  Pikel (D:4)
  Prince Ribbit (D:8)
  A shadow (D:8)
  2 wyverns
  2 steam dragons (D:7)
  A warg (D:9)
  2 water moccasins
  A sky beast (D:7)
  2 ice beasts
  6 orc warriors
  4 ogres
  6 centaurs
  3 lemures (D:4)
  A kobold brigand (D:7)
  A gnoll sergeant (D:9)
  6 bullfrogs
  2 scorpions (D:5)
  13 wights
  3 howler monkeys
  A lava snake (D:8)
  4 hounds
  A gnoll bouda (D:7)
  A jelly (D:6)
  4 orc priests
  6 iguanas
  7 orc wizards
  8 adders
  24 gnolls
  2 shadow imps
  2 white imps
  3 ufetubi
  4 worms
  2 dart slugs
  38 orcs
  5 ball pythons
  6 endoplasms
  4 giant cockroaches
  14 goblins
  18 hobgoblins
  7 jackals
  33 kobolds
  9 quokkas
  3 bats
  4 frilled lizards
  4 rats
273 creatures vanquished.

Vanquished Creatures (collateral kills)
  An orc warlord (Bailey)
  A komodo dragon (D:9)
2 creatures vanquished.

Grand Total: 275 creatures vanquished

Notes
Turn   | Place    | Note
-------+----------+-------------------------------------------
     0 | D:1      | Midn8 the Draconian Berserker began the quest for the Orb.
     0 | D:1      | Reached XP level 1. HP: 19/19 MP: 1/1
   131 | D:1      | Reached XP level 2. HP: 26/26 MP: 2/2
   288 | D:1      | Reached skill level 1 in Short Blades
   823 | D:1      | Reached ** piety under Trog
   824 | D:1      | Reached XP level 3. HP: 29/29 MP: 3/3
  1398 | D:2      | Reached XP level 4. HP: 35/38 MP: 4/4
  1693 | D:2      | Reached XP level 5. HP: 30/45 MP: 5/5
  1844 | D:3      | Found a sacrificial altar of Ru.
  2086 | D:3      | Reached skill level 5 in Short Blades
  2154 | D:3      | Found Nenijuby's Magic Scroll Shop.
  2157 | D:3      | Bought a scroll of enchant armour for 97 gold pieces
  2356 | D:3      | Reached *** piety under Trog
  2670 | D:4      | Found a staircase to the Ecumenical Temple.
  2874 | D:4      | Reached XP level 6. HP: 49/51 MP: 6/6
  3212 | D:4      | Noticed Pikel
  3343 | D:4      | Killed Pikel
  3344 | D:4      | Reached skill level 5 in Fighting
  3344 | D:4      | Your scales start taking on a glossy black colour.
  3344 | D:4      | Reached XP level 7. HP: 61/61 MP: 7/7
  3344 | D:4      | Gained mutation: You are resistant to electric shocks.
                  | (rElec) [Black Draconian growth]
  3757 | D:5      | Entered Level 5 of the Dungeon
  4076 | D:5      | Reached XP level 8. HP: 70/70 MP: 8/8
  4142 | D:5      | You fall into a shaft and drop 1 floor!
  4229 | D:5      | Reached **** piety under Trog
  4851 | D:6      | Found a large runed translucent door.
  4852 | D:6      | Found a large runed translucent door.
  5037 | D:6      | Found a shadowy altar of Dithmenos.
  5040 | D:6      | Found a shimmering blue altar of Sif Muna.
  5052 | D:6      | Reached skill level 5 in Dodging
  5211 | D:7      | Reached XP level 9. HP: 79/79 MP: 9/9
  5525 | D:7      | Reached skill level 10 in Short Blades
  5581 | D:7      | Found a flagged portal.
  5592 | Bailey   | Entered a bailey
  5597 | Bailey   | Noticed an orc warlord
  5610 | Bailey   | Reached ***** piety under Trog
  5716 | Bailey   | Found a runed translucent gate.
  5718 | Bailey   | Found a runed translucent gate.
  5719 | Bailey   | Found a runed translucent gate.
  5914 | Bailey   | Killed an orc warlord
  5915 | Bailey   | Reached skill level 10 in Fighting
  5915 | Bailey   | Reached skill level 1 in Throwing
  5981 | D:7      | Reached XP level 10. HP: 93/93 MP: 10/10
  6337 | D:8      | Noticed Prince Ribbit
  6349 | D:8      | Killed Prince Ribbit
  6350 | D:8      | Reached XP level 11. HP: 99/99 MP: 11/11
  6884 | D:8      | Reached skill level 1 in Ranged Weapons
  7553 | D:9      | Found a staircase to the Orcish Mines.
  7700 | D:9      | Noticed a two-headed ogre
  7713 | D:9      | Killed a two-headed ogre
  7837 | D:9      | Reached skill level 5 in Ranged Weapons
  8015 | D:10     | Entered Level 10 of the Dungeon
  8022 | D:10     | Found Henei's Magic Scroll Boutique.
  8032 | D:10     | Bought a scroll of fear for 52 gold pieces
  8032 | D:10     | Bought a scroll of enchant armour for 97 gold pieces
  8097 | D:10     | Noticed a two-headed ogre
  8106 | D:10     | Noticed a two-headed ogre
  8117 | D:9      | Slain by a two-headed ogre

Illustrated notes

Levels and vault maps discovered:
D:1:      wander_arrival_lonely_grave, layout_loops_corners, dk_noncrumbling_4
D:2:      layout_basic
D:3:      wad_woods_stonehenge, layout_basic, serial_shops,
          nicolae_shop_rolled_up
D:4:      layout_basic, temple_hall, nicolae_titane, uniq_pikel
D:5:      layout_rooms
D:6:      layout_rooms, jmf_multi_god_temple2
D:7:      kennysheep_steamy, layout_basic, enter_bailey_3
D:8:      kennysheep_seaside_town, layout_cave_pods, kennysheep_potato,
          uniq_prince_ribbit1
D:9:      layout_small_grid, erik_orc_4, grunt_ministairs_15
D:10:     layout_basic, dpeg_lair_monsters, serial_shops,
          nicolae_lakefront_shop, nicolae_shop_real_fake_doors, shop,
          nicolae_shop_stone, nicolae_shop_hallway_stairs, minmay_statue_bubble

Skill      XL: |  1  2  3  4  5  6  7  8  9 10 11 |
---------------+----------------------------------+-----
Short Blades   | 1 3 4 5 7 8 9 10 | 10.0
Fighting       | 5 7 10 | 10.0
Dodging        | 5 8 |  8.1
Throwing       | 6 7 |  7.4
Ranged Weapons | 5 |  5.6
Unarmed Combat | |  3.5

Action                     |  1- 3 |  4- 6 |  7- 9 | 10-12 || total
---------------------------+-------+-------+-------+-------++-------
  Melee: Unarmed           |    18 |       |       |       ||    18
         Dagger            |   102 |   317 |   480 |   409 ||  1308
         Tailslap          |     9 |    33 |    84 |    64 ||   190
         Punch             |     2 |     8 |    15 |    17 ||    42
   Fire: Longbow           |       |       |       |    24 ||    24
 Invoke: Berserk           |       |     2 |     3 |       ||     5
         Trog's Hand       |       |     1 |       |       ||     1
         Brothers in Arms  |       |       |     1 |     1 ||     2
Ability: Breathe Lightning |       |       |     1 |     1 ||     2
  Evoke: Wand              |       |       |       |     1 ||     1
    Use: Scroll            |     4 |     3 |     5 |     7 ||    19
         Potion            |       |       |     1 |       ||     1
   Stab: Sleeping          |       |     3 |     2 |       ||     5
 Armour: Skin              |    33 |    83 |   112 |    57 ||   285
  Dodge: Dodged            |    68 |   151 |   265 |   259 ||   743

Table legend: (Time is in decaauts)
 A = Elapsed time spent in this place.
 B = Non-inter-level travel time spent in this place.
 C = Inter-level travel time spent in this place.
 D = Time resting spent in this place.
 E = Time spent auto-exploring this place.
 F = Levels seen in this place.
 G = Mean time per level.
                   A        B        C        D        E       F      G
               +--------+--------+--------+--------+--------+-----+--------+
         Total |   7683 |   7293 |    390 |    897 |   4407 |  11 |  698.5 |
       Dungeon |   7314 |   6924 |    390 |    852 |   4231 |  10 |  731.4 |
        Bailey |    368 |    368 |      0 |     45 |    175 |   1 |  368.0 |
               +--------+--------+--------+--------+--------+-----+--------+

Top non-repeatable levels by time:
     D:4: 1150 daAuts
     D:1: 947 daAuts
     D:3: 817 daAuts
     D:2: 807 daAuts
     D:7: 788 daAuts
     D:9: 753 daAuts
     D:8: 750 daAuts
     D:5: 692 daAuts
     D:6: 504 daAuts
  Bailey: 368 daAuts
    D:10: 103 daAuts
